 Dungeon Crawl Stone Soup version 0.29.1-13-g9f3cf754e1 (webtiles) character file.

Game seed: 11864603575260465233

67 KittyFluff the Cudgeller (level 4, -2/29 HPs)
             Began as a Gargoyle Berserker on Jan 23, 2023.
             Was a Follower of Trog.
             Slain by Hrothgar's ghost (9 damage)
             ... on level 3 of the Dungeon on Jan 24, 2023.
             The game lasted 00:08:11 (2165 turns).

KittyFluff the Cudgeller (Gargoyle Berserker)       Turns: 2165, Time: 00:08:12

Health: -2/29      AC:  6    Str: 22    XL:     4   Next: 18%
Magic:  4/4        EV: 12    Int:  8    God:    Trog [*.....]
Gold:   109        SH:  0    Dex: 15    Spells: 3/3 levels left

rFire   . . .      SeeInvis .   a - +0 mace
rCold   . . .      Faith    .   (no shield)
rNeg    + . .      Spirit   .   b - +0 animal skin
rPois   ∞          Reflect  .   (no helmet)
rElec   +          Harm     .   (no cloak)
rCorr   .          Rampage  .   d - +0 pair of gloves
Will    +....                   (no boots)
Stlth   +.........              (no amulet)
HPRegen 0.09/turn               j - +6 ring of dexterity
MPRegen 0.09/turn               p - ring of willpower

@: no status effects
A: sickness immunity, AC +3, negative energy resistance 1, electricity
resistance, torment resistance 1, petrification resistance
a: Renounce Religion, Berserk


You were on level 3 of the Dungeon.
You worshipped Trog.
Trog was aware of your devotion.
You visited 1 branch of the dungeon, and saw 3 of its levels.

You collected 109 gold pieces.

Inventory:

Hand Weapons
 a - a +0 mace (weapon)
 s - a +0 sling
Missiles
 e - 2 boomerangs (quivered)
 k - 6 atropa-tipped darts
 o - 8 stones
Armour
 b - a +0 animal skin (worn)
 d - a +0 pair of gloves (worn)
 g - a +0 ring mail
Jewellery
 j - a +6 ring of dexterity (left hand)
 p - a ring of willpower (right hand)
Scrolls
 c - a scroll of noise {unknown}
 f - 3 scrolls of identify {unknown}
 h - a scroll of teleportation {unknown}
 l - a scroll of enchant weapon {unknown}
 q - a scroll of blinking {unknown}
 r - a scroll of vulnerability {unknown}
Potions
 i - a potion of ambrosia {unknown}
 m - a potion of brilliance {unknown}
 n - a potion of haste {unknown}


   Skills:
 + Level 3.9 Fighting
 + Level 3.9 Maces & Flails
 * Level 2.8 Armour
 + Level 1.8 Dodging
 + Level 0.3 Stealth


You had 3 spell levels left.
You didn't know any spells.
Your spell library was empty.

Dungeon Overview and Level Annotations

Branches:
Dungeon (3/15)

Altars:

Annotations:
D:3 2 transporters, Hrothgar's ghost, weakling HOFi


Innate Abilities, Weirdness & Mutations

You are immune to sickness and miasma.
Your stone body is resilient. (AC +3)
You are immune to poison.
You resist negative energy. (rN+)
You are resistant to electric shocks. (rElec)
You are resistant to unholy torment.
You are immune to petrification.


Message History

Hrothgar's ghost lets out a mournful wail.
You closely miss Hrothgar's ghost. Hrothgar's ghost hits you!
You completely miss Hrothgar's ghost.
You punch Hrothgar's ghost, but do no damage.
Hrothgar's ghost closely misses you.
You sock Hrothgar's ghost!
Hrothgar's ghost is moderately damaged.
Hrothgar's ghost hits you but does no damage.
You barely miss Hrothgar's ghost.
Hrothgar's ghost is moderately damaged.
Hrothgar's ghost barely misses you.
You barely miss Hrothgar's ghost.
Hrothgar's ghost is moderately damaged.
Hrothgar's ghost closely misses you. Hrothgar's ghost misses you.
You barely miss Hrothgar's ghost.
Hrothgar's ghost is moderately damaged.
Hrothgar's ghost hits you but does no damage.
You completely miss Hrothgar's ghost.
Hrothgar's ghost is moderately damaged.
Hrothgar's ghost hits you but does no damage.
You closely miss Hrothgar's ghost.
Hrothgar's ghost is moderately damaged.
Hrothgar's ghost closely misses you.
You hit Hrothgar's ghost.
Hrothgar's ghost is moderately damaged.
Hrothgar's ghost misses you.
You barely miss Hrothgar's ghost.
Hrothgar's ghost is moderately damaged.
Hrothgar's ghost closely misses you. Hrothgar's ghost barely misses you.
You hit Hrothgar's ghost but do no damage.
Hrothgar's ghost is moderately damaged.
Hrothgar's ghost hits you!
* * * LOW HITPOINT WARNING * * *
You hit Hrothgar's ghost.
Hrothgar's ghost is heavily damaged.
Hrothgar's ghost barely misses you.
You hit Hrothgar's ghost.
Hrothgar's ghost is heavily damaged.
Hrothgar's ghost hits you!
You die...

# # # ######### ########
.##.....#### #..#(..♣.#
...........# #.@#...(.#
...........####..W.(...#
......<...<......'....(#
.................'..(..#
.................#8...(#
.................#.....#
.................#######
...................
.#......#.#......###


You could see Hrothgar's ghost.

Vanquished Creatures
  4 adders
  A worm (D:2)
  A dart slug (D:1)
  4 ball pythons (D:2)
  A bat (D:2)
  An endoplasm (D:2)
  A giant cockroach (D:2)
  4 hobgoblins
  6 kobolds
  A quokka (D:2)
  2 frilled lizards (D:1)
  A rat (D:3)
27 creatures vanquished.

Notes
Turn   | Place    | Note
-------+----------+-------------------------------------------
     0 | D:1      | KittyFluff the Gargoyle Berserker began the quest for the
                  | Orb.
     0 | D:1      | Reached XP level 1. HP: 14/14 MP: 1/1
   584 | D:1      | Reached XP level 2. HP: 19/19 MP: 2/2
  1180 | D:2      | Reached XP level 3. HP: 14/24 MP: 3/3
  1662 | D:3      | Found a transporter.
  1667 | D:3      | Reached ** piety under Trog
  1668 | D:3      | Reached XP level 4. HP: 18/29 MP: 4/4
  1696 | D:3      | Found a transporter.
  2140 | D:3      | Found a runed translucent gate.
  2140 | D:3      | Found a runed translucent gate.
  2140 | D:3      | Found a runed translucent gate.
  2145 | D:3      | Noticed Hrothgar's ghost (weakling HOFi)
  2165 | D:3      | Slain by Hrothgar's ghost

Illustrated notes

Levels and vault maps discovered:
D:1:      reono_arrival_mine, layout_loops_corners,
          chequers_serial_rivers_micro_e
D:2:      layout_rooms
D:3:      gammafunk_wand_slinger, layout_rooms, ebering_ghost_rock_garden

Action                   |  1- 3 |  4- 6 || total
-------------------------+-------+-------++-------
Melee: Mace              |    77 |    37 ||   114
       Punch             |       |     1 ||     1
Armor: Animal skin       |    29 |    32 ||    61
Dodge: Dodged            |    49 |    60 ||   109
